AoeStats
← RatZakk

Arena

509779667Analyzed
4v4 RM · 3d ago on Sep 28, 2026· 55m 28s· 8 players
Game mode
Random Map
Map size
Large (8 player)
Population
200
Speed
Normal
Resources
Standard
Victory
Conquest
Starting age
Dark Age
Ending age
Imperial Age
RankedLock teamsTeams togetherTeam positionsShared explorationLock speedFull tech treeHidden civsTurbo modeCheats
Victory
Defeat
🇺🇸 Bengalis · United States
1272
+16
🇨🇴 Khmer · Colombia
1254
+17
🇳🇱 Dravidians · Netherlands
1235
+18
🇺🇸 Vikings · United States
1232
+18
🇦🇷 Khmer · Argentina
1312
-20
🇦🇷 Vietnamese · Argentina
1301
-18
🇦🇷 Saxons · Argentina
1240
-16
🇨🇱 Lithuanians · Chile
1229
-15
Draginosaur
10:41 Feudal Age
14:42 Castle Age
13:47 Double-Bit Axe
13:45 Horse Collar
16:04 Bow Saw
16:40 Loom
17:40 Heavy Plow
24:43 Wheelbarrow
23:54 Town Watch
23:57 Loom
24:06 Gold Mining
28:53 Imperial Age
26:38 Hand Cart
26:24 Town Patrol
26:17 Fletching
26:36 Scale Barding Armor
27:39 Chain Barding Armor
27:30 Forging
27:31 Stone Mining
28:17 Gold Shaft Mining
28:03 Bloodlines
27:53 Husbandry
31:14 Two-Man Saw
30:46 Crop Rotation
31:45 Plate Barding Armor
31:45 Iron Casting
31:51 Heavy Scorpion
33:59 Ballistics
34:40 Chemistry
33:50 Fletching
34:17 Elite Battle Elephant
35:19 Conscription
35:10 Paiks
36:57 Siege Engineers
41:10 Mahayana
41:11 Siege Elephant
50:39 Onager
52:47 Herbal Medicine
53:20 Masonry
AxingQuestions
10:41 Feudal Age
9:00 Loom
13:09 Double-Bit Axe
17:40 Castle Age
15:54 Gold Mining
18:30 Fletching
19:07 Bow Saw
25:33 Squires
27:24 Horse Collar
29:57 Heavy Plow
30:17 Town Watch
31:36 Town Patrol
31:54 Bodkin Arrow
35:25 Imperial Age
32:43 Crossbowman
34:17 Ballistics
33:40 Treadmill Crane
33:58 Bodkin Arrow
34:03 Padded Archer Armor
34:46 Gold Shaft Mining
36:04 Leather Archer Armor
36:08 Bracer
35:53 Arbalester
37:14 Conscription
38:02 Chemistry
37:35 Ring Archer Armor
38:54 Pikeman
39:20 Arson
39:40 Scale Mail Armor
39:53 Forging
41:01 Hoardings
46:09 Fortified Wall
45:55 Murder Holes
46:13 Masonry
46:01 Onager
50:44 Two-Man Saw
50:18 Crop Rotation
RatZakk
11:04 Feudal Age
12:59 Bloodlines
13:00 Horse Collar
18:32 Castle Age
16:43 Double-Bit Axe
17:55 Scale Barding Armor
18:18 Forging
23:34 Husbandry
26:29 Iron Casting
27:34 Wheelbarrow
31:09 Imperial Age
29:42 Chain Barding Armor
29:55 Heavy Plow
31:03 Devotion
31:49 Elite Battle Elephant
33:15 Hand Cart
35:21 Tusk Swords
38:28 Plate Barding Armor
39:25 Chemistry
40:54 Town Watch
40:55 Loom
44:48 Blast Furnace
44:52 Town Patrol
47:21 Fletching
49:45 Conscription
54:27 Bow Saw
55:49 Ballistics
55:25 Murder Holes
Sherlock_holmes
10:32 Feudal Age
11:45 Town Watch
15:06 Castle Age
12:56 Double-Bit Axe
14:01 Horse Collar
16:58 Bow Saw
21:39 Wheelbarrow
22:10 Town Watch
23:20 Hand Cart
25:21 Heavy Plow
26:33 Fletching
29:28 Imperial Age
27:24 Thumb Ring
27:15 Bodkin Arrow
28:06 Gold Mining
29:28 Ballistics
29:42 Elite Elephant Archer
30:15 Town Watch
31:13 Bracer
32:19 Chemistry
32:22 Scale Mail Armor
32:24 Gambesons
31:59 Man-at-Arms
32:48 Scale Mail Armor
33:52 Conscription
33:40 Medical Corps
33:34 Long Swordsman
34:10 Two-Handed Swordsman
35:25 Champion
36:36 Pikeman
37:16 Squires
37:43 Wootz Steel
37:24 Halberdier
39:46 Chain Mail Armor
39:42 Forging
40:37 Fortified Wall
41:36 Plate Mail Armor
42:09 Iron Casting
43:06 Iron Casting
43:36 Guilds
44:01 Coinage
45:22 Blast Furnace
45:16 Banking
45:14 Padded Archer Armor
48:47 Onager
51:06 Siege Onager
pity.grillo26
9:00 Feudal Age
7:48 Loom
10:07 Town Watch
10:13 Town Watch
12:14 Fletching
18:31 Stone Mining
23:15 Castle Age
24:57 Horse Collar
25:04 Double-Bit Axe
27:55 Wheelbarrow
27:19 Gold Mining
28:32 Town Patrol
32:25 Gold Shaft Mining
32:16 Hand Cart
34:45 Imperial Age
32:41 Scale Mail Armor
32:52 Forging
33:17 Heavy Plow
33:49 Bodkin Arrow
33:22 Clerical Recruitment
34:29 Squires
36:40 Bracer
37:54 Elite Varangian Guard
40:48 Shield Wall
41:49 Conscription
42:36 Illumination
44:23 Theocracy
44:18 Sanctity
44:00 Arson
44:03 Gambesons
45:42 Chain Mail Armor
46:02 Iron Casting
46:44 Iron Casting
ReBeL_persi
9:37 Loom
11:23 Feudal Age
13:37 Double-Bit Axe
15:58 Castle Age
13:57 Horse Collar
17:11 Bow Saw
16:50 Town Watch
24:22 Wheelbarrow
26:47 Gold Mining
26:58 Scale Mail Armor
27:09 Forging
30:51 Imperial Age
28:06 Pikeman
31:20 Chain Mail Armor
31:41 Iron Casting
31:15 Halberdier
31:55 Squires
33:12 Plate Mail Armor
32:33 Capped Ram
36:42 Onager
Caballo Homosexual
10:40 Feudal Age
13:51 Castle Age
13:55 Double-Bit Axe
13:51 Horse Collar
15:54 Bow Saw
17:06 Loom
20:46 Bloodlines
25:59 Husbandry
26:58 Wheelbarrow
26:30 Heavy Plow
26:38 Gold Mining
28:16 Scale Barding Armor
28:02 Fletching
29:17 Padded Archer Armor
30:03 Ballistics
30:56 Scale Mail Armor
31:16 Chain Barding Armor
31:23 Forging
31:55 Stone Mining
34:37 Imperial Age
33:18 Hand Cart
34:02 Iron Casting
33:34 Bodkin Arrow
33:56 Town Watch
35:20 Gold Shaft Mining
35:22 Stone Shaft Mining
35:32 Leather Archer Armor
35:54 Plate Barding Armor
36:25 Chemistry
35:38 Double Crossbow
36:02 Conscription
37:34 Blast Furnace
38:33 Bracer
38:21 Elite Ballista Elephant
40:38 Town Patrol
45:34 Heavy Scorpion
c7
5:10 Loom
10:33 Feudal Age
14:10 Castle Age
13:01 Double-Bit Axe
15:19 Bow Saw
25:04 Scale Barding Armor
26:33 Town Watch
27:28 Wheelbarrow
28:01 Chain Barding Armor
30:05 Forging
31:36 Iron Casting
30:58 Horse Collar
31:56 Bloodlines
33:17 Hand Cart
35:48 Imperial Age
33:25 Heavy Plow
33:44 Scale Mail Armor
37:28 Plate Barding Armor
36:15 Cavalier
39:12 Paladin
39:53 Husbandry
43:11 Gold Mining
43:11 Stone Mining
45:46 Chemistry
45:06 Ballistics
44:58 Masonry
Connection lost

Rejoining the realm…

Still unreachable

The connection could not be restored.

Session expired

The server has moved on; the page needs a fresh start.